 Dungeon Crawl Stone Soup version 0.16.2-12-gd0ad4c3 (webtiles) character file.

268 magipi the Chopper (level 6, 0/48 HPs)
             Began as a Ghoul Gladiator on Dec 3, 2015.
             Was an Initiate of Makhleb.
             Slain by a centaur (7 damage)
             ... on level 5 of the Dungeon.
             The game lasted 00:14:13 (2093 turns).

magipi the Chopper (Ghoul Gladiator)                Turns: 2093, Time: 00:14:13

Health: 0/48       AC:  9    Str: 19    XL:     6   Next: 21%
Magic:  5/5        EV: 10    Int:  4    God:    Makhleb [......]
Gold:   103        SH:  0    Dex: 10    Spells: 0 memorised, 5 levels left

rFire  . . .     SeeInvis .     a - +0 war axe
rCold  + . .     Clarity  .     r - +0 scale mail
rNeg   + + +     SustAb   .     (no shield)
rPois  ∞         Gourm    .     c - +0 helmet
rElec  .         Spirit   .     m - +0 cloak
rCorr  .         Warding  .     g - +0 pair of gloves
rMut   .         Stasis   .     (no boots)
MR     .....                    (no amulet)
Stlth  ..........               (no ring)
                                l - ring of flight

@: rotting, not resistant to hostile enchantments, extremely unstealthy
A: rotting body, claws 1, carnivore 3, cold resistance 1, negative energy
resistance 3, poison resistance, slow healing 1, torment resistance, unbreathing
a: Renounce Religion, Evoke Flight


You were on level 5 of the Dungeon.
You worshipped Makhleb.
Makhleb was noncommittal.
You were not hungry.

You visited 1 branch of the dungeon, and saw 5 of its levels.

You collected 103 gold pieces.

Inventory:

Hand weapons
 a - a +0 war axe (weapon)
 b - a +0 blowgun
Missiles
 t - 6 javelins (quivered)
 y - 28 poisoned needles
Armour
 c - a +0 helmet (worn)
 g - a +0 pair of gloves (worn)
 m - a +0 cloak (worn)
 r - a +0 scale mail (worn)
Jewellery
 l - a ring of flight (left hand)
Magical devices
 s - a wand of magic darts (18)
Scrolls
 f - 3 scrolls of remove curse
 h - a scroll of magic mapping {unknown}
 i - 4 scrolls of identify
 k - 2 scrolls of recharging {unknown}
 q - a scroll of noise {unknown}
 u - a scroll of teleportation {unknown}
 x - a scroll of blinking
Potions
 p - a potion of heal wounds {unknown}
 v - a potion of might
 w - a potion of curing
 z - a potion of cure mutation {unknown}
Comestibles
 j - 4 chunks of flesh
 n - 3 meat rations


   Skills:
 - Level 2.1 Fighting
 + Level 6.1 Axes
 - Level 2.0 Throwing
 - Level 2.6 Dodging


You had 5 spell levels left.
You didn't know any spells.

Dungeon Overview and Level Annotations

Branches:
Dungeon (5/15)
 Temple: D:4-7

Altars:
Makhleb

Annotations:
D:1 dig
D:4 Eustachio
D:5 Sigmund


Innate Abilities, Weirdness & Mutations

Your body is rotting away.
You thrive on raw meat.
You have sharp fingernails.
You are carnivorous and can eat meat at any time.
Your flesh is cold resistant.
You are immune to negative energy.
Your system is resistant to poisons.
You heal slowly when monsters are visible.
You are immune to unholy pain and torment.
You can survive without breathing.

Vault maps used:
D:1:      saegor_arrival_simple_f, item_on_display_a
D:3:      makhleb_blood_cavern_becter
D:4:      first_bread, kennysheep_doodads, uniq_eustachio
D:5:      minmay_temple_entry_statues_fountains, uniq_sigmund, uniq_natasha,
          uniq_grinder, uniq_blork_the_orc


Message History

The ufetubus hits you but does no damage.
The crimson imp puffs mist at you.
The crimson imp hits you but does no damage.
The ufetubus hits you but does no damage. x2
The bat barely misses you.
Eustachio mumbles some strange words.
Eustachio blinks!
You slash the crimson imp!
You kill the crimson imp!
You closely miss the bat. You hit the ufetubus but do no damage.
The ufetubus is moderately wounded.
The bat hits you but does no damage. The ufetubus closely misses you.
The ufetubus hits you but does no damage.
The bat closely misses you. The ufetubus completely misses you.
The ufetubus hits you but does no damage.
The white imp hits you but does no damage.
You completely miss the white imp. You closely miss the bat.
You barely miss the ufetubus.
The ufetubus is moderately wounded.
The bat closely misses you. The bat barely misses you.
The ufetubus hits you but does no damage.
The ufetubus hits you. The white imp closely misses you.
The ufetubus hits you but does no damage.
The ufetubus barely misses you.
You slash the white imp!
The white imp is severely wounded.
You barely miss the ufetubus.
The ufetubus is moderately wounded.
You slash the bat!
You kill the bat!
The bat's corpse disappears in a puff of smoke!
The ufetubus hits you but does no damage.
The ufetubus hits you. The white imp barely misses you.
The ufetubus barely misses you.
The ufetubus hits you but does no damage.
You slash the white imp!
You kill the white imp!
You hit the ufetubus.
The ufetubus is heavily wounded.
The ufetubus hits you but does no damage.
The ufetubus barely misses you.
Eustachio hits you with a falchion of draining!
The ufetubus hits you but does no damage.
The ufetubus closely misses you.
Unknown command.
Throwing (i - inventory):
t - 6 javelins (quivered)
Press: ? - help, Shift-Dir - straight line, f/p - Eustachio
Aim: Eustachio, wielding a falchion of draining and wearing a leather armour (heavily wounded)
Okay, then.
Unknown command.
Eustachio hits you with a falchion of draining.
* * * LOW HITPOINT WARNING * * *
The ufetubus hits you but does no damage.
The ufetubus completely misses you.
Eustachio gestures wildly while chanting.
There is a stone staircase leading down here.
Eustachio mumbles some strange words.
Eustachio blinks!
You climb downwards.
A centaur comes into view.
The centaur shouts!
Found a long sword.
There is a stone staircase leading up here.
Drink which item? (? for menu, Esc to quit)
It was a potion of curing.
You feel better.
The centaur wields a shortbow.
The centaur shoots an arrow.
The arrow hits you.
Sigmund the Dreaded comes into view.
He is wielding a scythe of protection.
Sigmund shouts!
A bat zombie comes into view.
A giant frog zombie comes into view.
The centaur shoots an arrow.
The arrow barely misses you.
The giant frog zombie moves out of view.
An ice beast comes into view.
The centaur unwields an uncursed shortbow.
The centaur hits you.
Unknown command.
You barely miss the centaur. The centaur closely misses you.
The centaur hits you.
Sigmund gestures wildly while chanting.
Sigmund flickers and vanishes!
Deactivating autopickup; reactivate with Ctrl-A.
Unknown command.
Drink which item? (? for menu, Esc to quit)
You feel very mighty all of a sudden. The centaur hits you.
* * * LOW HITPOINT WARNING * * *
Unknown command.
Drink which item? (? for menu, Esc to quit)
It was a potion of cancellation.
Your magical effects are unravelling.
You feel magically purged.
You feel a little less mighty now. The centaur hits you.
* * * LOW HITPOINT WARNING * * *
The giant frog zombie closely misses you.
The centaur hits you.
* * * LOW HITPOINT WARNING * * *
Drink which item? (? for menu, Esc to quit)
It was a potion of poison.
You feel slightly nauseous. The centaur hits you!
You die...

#######
#.(..<#
+)....#
#.....#
#.Z@..#
#.##c##
#. #Z#
. #{.
.. #...
..
#.... .
+.....
.... .


You could see a centaur, a bat zombie and a giant frog zombie.

Table legend:
 A = Kills in this place as a percentage of kills in entire the game.
 B = Kills by you in this place as a percentage of kills by you in the entire game.
 C = Kills by friends in this place as a percentage of kills by friends in the entire game.
 D = Other kills in this place as a percentage of other kills in the entire game.
 E = Experience gained in this place as a percentage of experience gained in the entire game.
 F = Experience gained in this place divided by the number of levels of this place that you have seen.
                   A       B       C       D       E      F
               +-------+-------+-------+-------+-------+----------------------
         Total | 100.0 | 100.0 |  -nan |  -nan | 100.0 |  76.8
       Dungeon | 100.0 | 100.0 |  -nan |  -nan | 100.0 |  76.8
               +-------+-------+-------+-------+-------+----------------------

Vanquished Creatures
  A centaur (D:4)
  A crimson imp (D:4)
  A hound (D:3)
  A worker ant (D:4)
  An orc wizard (D:4)
  3 adders (D:3)
  A white imp (D:4)
  3 worms
  4 giant geckos
  An ooze (D:3)
  4 orcs
  10 bats
  6 giant cockroaches
  5 hobgoblins
  10 kobolds
  3 giant newts (D:1)
  4 goblins
  5 jackals (D:1)
  2 quokkas
  6 rats
72 creatures vanquished.

Notes
Turn   | Place    | Note
--------------------------------------------------------------
     0 | D:1      | magipi, the Ghoul Gladiator, began the quest for the Orb.
     0 | D:1      | Reached XP level 1. HP: 17/17 MP: 1/1
    90 | D:1      | Reached skill level 3 in Axes
    97 | D:1      | Reached XP level 2. HP: 14/24 MP: 2/2
   441 | D:1      | Reached XP level 3. HP: 29/29 MP: 3/3
  1056 | D:2      | Reached skill level 4 in Axes
  1186 | D:3      | Reached XP level 4. HP: 33/33 MP: 3/3
  1585 | D:3      | Reached skill level 5 in Axes
  1585 | D:3      | Reached XP level 5. HP: 39/41 MP: 4/4
  1589 | D:3      | Found a burning altar of Makhleb.
  1600 | D:3      | Became a worshipper of Makhleb the Destroyer
  2010 | D:4      | Noticed a centaur
  2016 | D:4      | Killed a centaur
  2016 | D:4      | Reached skill level 6 in Axes
  2016 | D:4      | Reached XP level 6. HP: 33/48 MP: 5/5
  2031 | D:4      | Noticed Eustachio
  2085 | D:5      | Entered Level 5 of the Dungeon
  2087 | D:5      | Noticed Sigmund
  2093 | D:5      | Slain by a centaur

Action                   |  1- 3 |  4- 6 || total
-------------------------+-------+-------++-------
Melee: War axe           |   124 |   117 ||   241
 Fire: Blowgun           |       |    10 ||    10
Throw: Throwing net      |       |     3 ||     3
  Use: Scroll            |       |     2 ||     2
       Potion            |       |     4 ||     4
  Eat: Chunk             |    10 |    18 ||    28

Action                   |  1- 3 |  4- 6 || total
-------------------------+-------+-------++-------
Melee: War axe           |   124 |   117 ||   241
 Fire: Blowgun           |       |    10 ||    10
Throw: Throwing net      |       |     3 ||     3
  Use: Scroll            |       |     2 ||     2
       Potion            |       |     4 ||     4
  Eat: Chunk             |    10 |    18 ||    28

Action                   |  1- 3 |  4- 6 || total
-------------------------+-------+-------++-------
Melee: War axe           |   124 |   117 ||   241
 Fire: Blowgun           |       |    10 ||    10
Throw: Throwing net      |       |     3 ||     3
  Use: Scroll            |       |     2 ||     2
       Potion            |       |     4 ||     4
  Eat: Chunk             |    10 |    18 ||    28
